 Dungeon Crawl Stone Soup version 0.29-a0-993-g4a18f31a58 (webtiles) character file.

Game seed: 13049407781861109058

28 vurker the Trooper (level 3, 18/18 HPs)
             Began as a Vine Stalker Fighter on Aug 2, 2022.
             Was a Follower of Hepliaklqana.
             Quit the game on level 1 of the Dungeon.
             The game lasted 00:01:01 (1270 turns).

vurker the Trooper (Vine Stalker Fighter)           Turns: 1270, Time: 00:01:01

Health: 18/18      AC:  6    Str: 20    XL:     3   Next: 12%
Magic:  4/4        EV:  9    Int:  8    God:    Hepliaklqana [*.....]
Gold:   37         SH:  4    Dex: 13    Spells: 2/2 levels left

rFire   . . .      SeeInvis .     - Unarmed
rCold   . . .      Faith    .   b - +0 buckler
rNeg    . . .      Spirit   +   a - +0 scale mail
rPois   .          Reflect  .   (no helmet)
rElec   .          Harm     .   (no cloak)
rCorr   .          Rampage  .   (no gloves)
Will    .....                   (no boots)
Stlth   ..........              (no amulet)
HPRegen 0.06/turn               (no ring)
MPRegen 0.09/turn               (no ring)

@: no status effects
A: reduced essence, fangs 2, magic shield, antimagic bite, no potion heal 2
a: Renounce Religion, Recall Ancestor, Ancestor Identity


You were on level 1 of the Dungeon.
You worshipped Hepliaklqana.
Hepliaklqana was aware of your devotion.
You visited 1 branch of the dungeon, and saw 1 of its levels.

You collected 37 gold pieces.

Inventory:

Armour
 a - a +0 scale mail (worn)
 b - a +0 buckler (worn)
Scrolls
 d - a scroll of fear {unknown}
 e - a scroll of silence {unknown}
 f - a scroll of brand weapon {unknown}
 g - a scroll of teleportation {unknown}
 h - a scroll of butterflies {unknown}
Potions
 c - a potion of might


   Skills:
 + Level 3.1 Fighting
 - Level 2.4 Armour
 - Level 2.6 Shields
 * Level 3.1 Unarmed Combat


You had 2 spell levels left.
You didn't know any spells.
Your spell library was empty.

Dungeon Overview and Level Annotations

Branches:
Dungeon (1/15)

Altars:
Hepliaklqana


Innate Abilities, Weirdness & Mutations

Your life essence is reduced to manifest your ancestor. (-10% HP)
You have extremely sharp teeth.
When hurt, damage is shared between your health and your magic reserves.
Your bite disrupts and absorbs the magic of your enemies.
Potions cannot restore your health.


Message History

No reachable target in view!
No reachable target in view!
No reachable target in view!
No reachable target in view!
No reachable target in view!
No reachable target in view!
You block the bat's attack. The bat barely misses you.
The bat closely misses you. The bat hits you but does no damage.
You block the bat's attack.
You hit the bat but do no damage. The bat barely misses you.
The bat misses you. The bat barely misses you.
Your unstable footing causes you to fumble your attack.
The bat closely misses you. The bat barely misses you.
The bat hits you but does no damage.
Your unstable footing causes you to fumble your attack.
The bat barely misses you. The bat hits you but does no damage.
The bat closely misses you. The bat barely misses you.
You barely miss the bat. Your bite misses the bat. The bat hits you.
The bat hits you but does no damage. x3
You barely miss the bat. Your bite misses the bat.
The bat hits you but does no damage.
You barely miss the bat. The bat closely misses you.
The bat completely misses you.
You punch the bat!
You kill the bat!
No target in view!
No target in view!
No target in view!
No target in view!
No target in view!
No target in view!
No target in view!
No target in view!
No target in view!
No target in view!
No target in view!
No target in view!
No target in view!
No target in view!
No target in view!
No target in view!
There is a faded altar of an unknown god here.
You cannot tell which god this altar belongs to.
Convert to them anyway?
Hepliaklqana accepts your prayer! Hepliaklqana welcomes you!
Hepliaklqana forms a fragment of your life essence into the memory of your ancestor, Octavius!
You can now recall your ancestor.
You can now remember your ancestor's identity.

#.#......##.#
##.##.#.####.####
#...~~~...~.~..~#
#..~..~..~~.≈~.~#
#.#..≈~~~~≈≈≈~..#
#...~~≈≈≈≈≈≈≈≈≈~#
#....~≈~≈~≈~≈≈≈~#
#.#~≈≈~~.~~~≈~~.#
...#~~~~~.@.~≈~.~#
## #~.~~≈..~≈≈~..#
#.~~~~~~R≈≈~..#
#~≈≈≈≈≈≈≈≈≈~~.#
#.≈~≈≈≈~~≈≈≈..#
#~.~.≈≈~.~~~..#
...~.....~~....#
##.########.####
##


You could see the friendly Octavius the ancestor.

Vanquished Creatures
  2 dart slugs (D:1)
  A ball python (D:1)
  4 endoplasms (D:1)
  3 giant cockroaches (D:1)
  A goblin (D:1)
  A hobgoblin (D:1)
  3 jackals (D:1)
  A kobold (D:1)
  A quokka (D:1)
  2 bats (D:1)
19 creatures vanquished.

Notes
Turn   | Place    | Note
-------+----------+-------------------------------------------
     0 | D:1      | vurker the Vine Stalker Fighter began the quest for the
                  | Orb.
     0 | D:1      | Reached XP level 1. HP: 11/11 MP: 2/2
   162 | D:1      | Reached XP level 2. HP: 16/16 MP: 3/3
   578 | D:1      | Reached XP level 3. HP: 2/20 MP: 1/4
  1228 | D:1      | Found a faded altar of an unknown god.
  1269 | D:1      | Prayed at the altar of an unknown god.
  1269 | D:1      | Became a worshipper of Hepliaklqana the Forgotten
  1269 | D:1      | Reached * piety under Hepliaklqana
  1270 | D:1      | Quit the game

Illustrated notes

Levels and vault maps discovered:
D:1:      evilmike_arrival_hilbert_curve, layout_basic,
          chequers_ecumenical_altar_island

Skill      XL: |  1  2 |
---------------+-------+-----
Fighting       | 3 |  3.1
Unarmed Combat | 3 |  3.1
Armour         | |  2.4
Shields        | |  2.6

Action                   || total
-------------------------++-------
Melee: Unarmed           ||    63
       Bite              ||    15
Armor: Scale mail        ||    28
Dodge: Dodged            ||    33
Block: Buckler           ||    15

Table legend: (Time is in decaauts)
 A = Elapsed time spent in this place.
 B = Non-inter-level travel time spent in this place.
 C = Inter-level travel time spent in this place.
 D = Time resting spent in this place.
 E = Time spent auto-exploring this place.
 F = Levels seen in this place.
 G = Mean time per level.
                   A        B        C        D        E       F      G
               +--------+--------+--------+--------+--------+-----+--------+
         Total |   1278 |   1278 |      0 |      0 |   1122 |   1 | 1278.0 |
       Dungeon |   1278 |   1278 |      0 |      0 |   1122 |   1 | 1278.0 |
               +--------+--------+--------+--------+--------+-----+--------+

Top non-repeatable levels by time:
     D:1: 1278 daAuts
